Map: Bel'Shir Vestige LE

Players

NeoBlade

  • Race: Zerg Zerg
  • Spawn Location: 11:00

Showtek - Winner!

  • Race: Protoss Protoss
  • League: Diamond
  • Spawn Location: 5:00

VOD

Have the link to the VOD?

Description

Time

  • Played on: Oct. 24, 2016, 4:14 a.m.
  • Length: 6:25
Show
View Real Time Build Order
Export as new Build Order

NeoBlade Zerg 

Build Orders: Hatch First 

Get SALT Encoding   

  12  0:01  Drone  
  13  0:16  Overlord  
  13  0:18  Drone  
  16  0:35  Drone x2  
  16  0:44  Drone  
  17  0:55  Drone  
  18  0:59  Drone  
  18  1:00  Unknown, Hatchery  
  18  1:10  Drone  
  19  1:16  Spawning Pool  
  18  1:21  Drone  
  19  1:35  Overlord  
  19  1:42  Drone  
  20  1:54  Drone  
  21  2:03  Drone  
  22  2:11  Unknown  
  22  2:13  Queen x2  
  22  2:15  Drone x2  
  28  2:28  Overlord  
  28  2:29  Drone  
  29  2:34  Drone  
  30  2:45  Overlord  
  30  2:47  Drone x2  
  30  2:48  Queen x2  
  30  2:50  Spine Crawler  
  35  2:58  Spine Crawler  
  34  3:01  Zergling x2  
  35  3:07  Drone x2  
  37  3:13  Drone  
  37  3:17  Extractor, Drone  
  37  3:19  Extractor  
  37  3:21  Overlord  
  37  3:22  Drone x3  
  37  3:23  Drone x3  
  43  3:36  Overlord x2  
  43  3:40  Extractor  
  43  3:41  Extractor, Drone  
  42  3:48  Drone  
  43  3:57  Unknown, Hatchery  
  42  4:07  Overlord x3  
  42  4:08  Drone x5  
  47  4:31  Overlord x2  
  47  4:33  Drone x6  
  53  4:41  Drone x2  
  55  4:49  Overlord  
  55  4:50  Drone  
  56  4:56  Evolution Chamber  
  56  4:57  Evolution Chamber  
  56  4:59  Roach Warren  
  53  5:08  Drone x6  
  53  5:09  Unknown  
  53  5:12  Drone  
  53  5:13  Queen  
  62  5:27  Overlord x2  
  62  5:36  Drone  
  62  5:37  Drone x8  
  71  5:58  Drone x8  
  71  6:03  Spine Crawler  
  78  6:04  Spine Crawler  
Show
View Real Time Build Order
Export as new Build Order

Showtek Protoss - Winner!

Build Orders: Nexus First 

Get SALT Encoding   

  12  0:01  Probe (Chrono Boost)  
  13  0:12  Probe (Chrono Boost)  
  14  0:22  Pylon  
  14  0:23  Probe (Chrono Boost)  
  15  0:40  Probe (Chrono Boost)  
  16  0:51  Probe (Chrono Boost)  
  17  1:01  Nexus, Unknown  
  17  1:05  Probe (Chrono Boost)  
  18  1:21  Gateway  
  18  1:22  Probe (Chrono Boost)  
  19  1:27  Assimilator  
  19  1:34  Pylon  
  19  1:37  Probe (Chrono Boost)  
  20  1:50  Probe (Chrono Boost)  
  21  2:01  Probe (Chrono Boost), Gateway  
  22  2:05  Zealot  
  24  2:13  Probe (Chrono Boost), Unknown  
  24  2:14  Cybernetics Core  
  25  2:18  Probe (Chrono Boost)  
  26  2:25  Probe (Chrono Boost)  
  26  2:28  Probe (Chrono Boost)  
  26  2:29  Zealot  
  31  2:37  Probe (Chrono Boost)  
  31  2:39  Probe (Chrono Boost)  
  32  2:47  Zealot  
  32  2:49  Probe (Chrono Boost)  
  32  2:50  Probe (Chrono Boost)  
  32  2:51  Pylon  
  36  2:54  Warp Gate  
  36  3:00  Zealot  
  36  3:01  Probe (Chrono Boost)  
  36  3:03  Probe (Chrono Boost)  
  41  3:14  Probe (Chrono Boost)  
  41  3:15  Probe (Chrono Boost)  
  42  3:24  Zealot  
  45  3:27  Probe (Chrono Boost), Mothership Core (Chrono Boost)  
  47  3:39  Probe (Chrono Boost)  
  48  3:47  Nexus, Unknown, Probe (Chrono Boost)  
  49  3:49  Pylon  
  49  3:52  Probe (Chrono Boost), Twilight Council  
  49  3:55  Assimilator  
  50  3:59  Probe (Chrono Boost)  
  50  4:03  Zealot x2  
  50  4:04  Probe (Chrono Boost)  
  53  4:11  Probe (Chrono Boost)  
  53  4:16  Probe (Chrono Boost)  
  53  4:17  Pylon  
  52  4:23  Probe (Chrono Boost)  
  53  4:25  Gateway x2  
  53  4:28  Probe (Chrono Boost), Gateway  
  54  4:39  Zealot  
  54  4:40  Zealot  
  58  4:49  Pylon  
  58  4:51  Pylon  
  60  4:53  Probe x2 (Chrono Boost)  
  60  4:54  Assimilator  
  60  4:56  Assimilator  
  60  4:58  Unknown  
  60  5:03  Zealot  
  60  5:05  Probe x2 (Chrono Boost)  
  64  5:07  Zealot  
  64  5:08  Probe (Chrono Boost)  
  67  5:15  Gateway  
  67  5:16  Gateway  
  67  5:17  Probe x2 (Chrono Boost)  
  67  5:19  Probe (Chrono Boost)  
  70  5:21  Forge  
  70  5:25  Forge  
  72  5:29  Probe (Chrono Boost)  
  72  5:30  Probe (Chrono Boost)  
  72  5:50  Zealot x4  
  72  5:51  Zealot  
  72  5:54  Pylon  
  72  5:56  Pylon  
  82  6:08  Templar Archives, Pylon  
  82  6:09  Pylon  
  82  6:10  Pylon  
  82  6:12  Probe (Chrono Boost), Pylon  
  82  6:13  Probe (Chrono Boost)  
  82  6:14  Probe (Chrono Boost)  
  82  6:17  Pylon  
Tags
 
Add a new tag
Caveats
  • Supply blocks, unpowered buildings, or Contaminate may cause inaccurate times.
  • Supply counts are checked every 10 seconds.